 Dungeon Crawl Stone Soup version 0.21-a0-13-g3fd62ac (webtiles) character file.

66683 Hailrake the Bludgeoner (level 14, -9/140 HPs)
             Began as a Minotaur Berserker on May 23, 2017.
             Was an Elder of Trog.
             Mangled by an ettin
             ... wielding a +0 dire flail
              (29 damage)
             ... while paralysed
             ... on level 1 of the Depths.
             The game lasted 01:34:06 (21039 turns).

Hailrake the Bludgeoner (Minotaur Berserker)       Turns: 21039, Time: 01:34:07

Health: -9/140     AC: 21    Str: 25    XL:     14   Next: 80%
Magic:  13/13      EV:  2    Int:  4    God:    Trog [****..]
Gold:   1423       SH:  0    Dex: 12    Spells: 13/13 levels left

rFire    . . .     SeeInvis .   B - +2 demon whip (vamp)
rCold    + . .     Gourm    .   (no shield)
rNeg     . . .     Faith    +   L - +0 plate armour
rPois    .         Spirit   .   (helmet restricted)
rElec    .         Reflect  .   t - +0 cloak
rCorr    +         Harm     .   J - +0 pair of gloves
MR       +....                  (no boots)
Stlth    ..........             e - amulet of faith
Regen    0.4/turn               k - ring of protection from cold
MPRegen  0.2/turn               b - ring of resist corrosion

@: paralysed, slowed
A: retaliatory headbutt, horns 2
a: Berserk, Trog's Hand, Brothers in Arms, Burn Spellbooks, Renounce Religion


You were on level 1 of the Depths.
You worshipped Trog.
Trog was greatly pleased with you.
You were hungry.

You visited 3 branches of the dungeon, and saw 18 of its levels.
You also visited: Sewer.

You collected 2437 gold pieces.
You spent 1014 gold pieces at shops.

Inventory:

Hand Weapons
 B - a +2 vampiric demon whip (weapon)
 G - a +4 antimagic dire flail
 I - a +3 whip of distortion
 K - a +2 dire flail of distortion
Armour
 t - a +0 cloak (worn)
 C - a +7 chain mail of poison resistance
 J - a +0 pair of gloves (worn)
 L - a +0 plate armour (worn)
 O - +0 acid dragon scales
Jewellery
 b - a ring of resist corrosion (right hand)
 d - an uncursed amulet of rage
 e - an amulet of faith (around neck)
 k - a ring of protection from cold (left hand)
 l - an uncursed ring of protection from cold
 A - an uncursed ring of ice
 D - an uncursed ring of ice
 F - an uncursed ring of see invisible
 H - a +2 ring of dexterity
 N - an uncursed ring of stealth
Scrolls
 c - a scroll of acquirement {unknown}
 g - 6 scrolls of teleportation
 i - a scroll of silence {unknown}
 m - a scroll of recharging {unknown}
 n - a scroll of fog
 o - 2 scrolls of magic mapping
 q - a scroll of noise {unknown}
 r - 2 scrolls of fear {unknown}
 w - 2 scrolls of blinking
 x - 5 scrolls of remove curse
 y - 2 scrolls of holy word
 M - a scroll of identify
Potions
 a - a potion of cancellation
 f - 2 potions of haste
 h - 2 potions of lignification {unknown}
 j - 3 potions of brilliance
 p - 3 potions of curing
 s - 2 potions of degeneration {unknown}
 v - 5 potions of heal wounds
 z - 3 potions of might
 E - a potion of berserk rage {unknown}
Comestibles
 u - 2 meat rations


   Skills:
 + Level 17.3 Fighting
 + Level 18.1 Maces & Flails
 + Level 16.8 Armour
 - Level 2.7 Dodging
 - Level 0.1 Stealth


You had 13 spell levels left.
You didn't know any spells.

Dungeon Overview and Level Annotations

Branches:
Dungeon (15/15) Temple (0/1) D:7 Lair (0/6) D:10 Orc (2/2) D:12 Elf (0/3) Orc:2 Vaults (0/5) D:13 D:14 Depths (1/5) D:15

Altars:
Dithmenos
Kikubaaqudgha
Makhleb
Uskayaw
The Shining One
Beogh
Jiyva

Shops:
D:9 *   D:14 (   Orc:1 (   Orc:2 !:*[

Portals:
Pandemonium: Orc:2

Annotations:
Abyss:1 Rupert


Innate Abilities, Weirdness & Mutations

You reflexively headbutt those who attack you in melee.
You have a pair of horns on your head.


Message History

The fire giant hits you but does no damage.
You are too berserk!
You feel a strong urge to attack something.
The ettin misses you. x2
The fire giant casts a spell at you. The bolt of fire misses you.
The ettin closely misses you. You furiously retaliate!
You headbutt the ettin. The ettin closely misses you.
You feel your anger subside.
You are no longer berserk.
You pass out from exhaustion.
You feel yourself slow down. The ettin hits you with a dire flail.
* * * LOW HITPOINT WARNING * * *
The ettin hits you with a dire flail!
* * * LOW HITPOINT WARNING * * *
The fire giant hits you with a great sword of flaming.
* * * LOW HITPOINT WARNING * * *
The fire giant burns you.
* * * LOW HITPOINT WARNING * * *
The ettin hits you with a dire flail!!
You die...

≈≈≈≈.≈..........#
.≈≈≈.≈....(.....#
##.........).....##
##...##.#.........##
#.#.##.##.........[#
##..............≈≈.####..
.....≈≈.........≈≈...>...
.....≈≈)(.<.....CC...≈≈..
.....≈.).)[[...§@≈≈≈≈≈≈..
.......(#÷....$..≈≈≈≈≈...
....(.#..#.......≈≈≈≈≈.##
...≈≈...............≈....
......#.....>........(...
.≈.#.###.............####
.≈.#. #.............# ..
# ##..........^.#
......##.....#


You could see a fire giant and an ettin.

Vanquished Creatures
  Gastronok (D:12)
  Nessos (D:14)
  Azrael (D:14)
  A merfolk javelineer (Depths:1)
  2 ettins
  A yaktaur captain (D:9)
  A hydra (D:14)
  6 two-headed ogres
  3 centaur warriors
  2 deep troll earth magi (Depths:1)
  A dancing weapon (Orc:2)
  2 tengu warriors
  A slime creature (D:15)
  Sonja (D:11)
  A torturous demonspawn (Orc:2)
  An unseen horror (shapeshifter) (D:9)
  An unseen horror (D:13)
  2 deep trolls (Depths:1)
  An infernal demonspawn (Orc:2)
  A deep elf mage (D:15)
  8 ugly things
  4 orc knights
  2 orc sorcerers (Orc:2)
  3 manticores
  4 cyclopes
  Maurice (Orc:2)
  4 gargoyles
  An orange demon (Orc:2)
  A freezing wraith (D:14)
  5 yaktaurs (D:15)
  A kobold demonologist (D:15)
  A tengu conjurer (D:13)
  3 komodo dragons
  11 trolls
  A hornet (shapeshifter) (D:15)
  A hornet (D:14)
  A hippogriff (shapeshifter) (D:13)
  8 hippogriffs
  A redback (D:9)
  2 fire elementals (D:14)
  23 yaks
  A wyvern (D:13)
  A ynoxinul (Orc:2)
  A shadow (D:11)
  A wraith (D:15)
  15 humans (D:13)
  A basilisk (D:15)
  3 hungry ghosts
  A chaos spawn (Orc:2)
  8 vampire mosquitoes
  Edmund (D:6)
  A warg (D:15)
  2 acid dragons
  4 hell hounds (D:14)
  2 water moccasins
  25 orc warriors
  2 sky beasts
  2 black bears
  3 ice beasts
  3 phantoms
  An eye of draining (shapeshifter) (D:14)
  12 ogres
  2 crocodiles
  7 centaurs
  5 big kobolds
  6 bullfrogs
  A wyvern zombie (D:7)
  A gnoll sergeant (Orc:2)
  3 wyvern skeletons
  6 scorpions
  A water moccasin skeleton (D:12)
  3 howler monkeys
  9 wights
  An electric eel (D:12)
  16 crimson imps
  A quasit (D:7)
  2 centaur zombies
  5 hounds
  10 jellies
  A bullfrog zombie (D:10)
  3 bullfrog skeletons
  4 centaur skeletons
  16 orc priests
  5 iguanas
  18 orc wizards
  12 worker ants
  2 killer bee zombies (D:7)
  A hound zombie (D:5)
  A hound skeleton (D:9)
  A worker ant zombie (D:8)
  A howler monkey skeleton (D:4)
  6 gnolls
  11 adders
  2 shadow imps
  6 oozes
  An adder zombie (D:9)
  2 adder skeletons
  3 worms
  4 dart slugs
  7 leopard geckos
  60 orcs
  5 ball pythons
  7 bats
  5 giant cockroaches
  10 goblins
  8 hobgoblins
  19 jackals
  35 kobolds
  7 quokkas
  8 frilled lizards
  2 leopard gecko skeletons
  8 rats
  2 plants (Sewer)
569 creatures vanquished.

Vanquished Creatures (collateral kills)
  Fannar (D:11)
  A fire dragon (D:15)
  An ice dragon (D:15)
  A tengu warrior (Depths:1)
  5 orc high priests (Orc:2)
  2 deep trolls (Depths:1)
  2 infernal demonspawn (Orc:2)
  2 orc knights (Orc:2)
  A cyclops (D:9)
  4 orc sorcerers (Orc:2)
  A red devil (Orc:2)
  A slime creature (D:12)
  A shadow (D:11)
  3 vampire mosquitoes (D:15)
  8 orc warriors (Orc:2)
  A black bear (D:7)
  3 centaurs (D:13)
  7 crimson imps (D:13)
  7 orc priests (Orc:2)
  2 jellies (D:12)
  An orc wizard (D:15)
  A gnoll (Orc:2)
  6 orcs
  2 kobolds (D:15)
64 creatures vanquished.

Vanquished Creatures (others)
  An orc knight (D:13)
  A centaur zombie (D:14)
  A centaur skeleton (D:13)
  A rime drake (shapeshifter) (D:13)
  A shadow (D:13)
  A human (D:13)
  An orc wizard (D:13)
7 creatures vanquished.

Grand Total: 640 creatures vanquished

Notes
Turn   | Place    | Note
-------+----------+-------------------------------------------
     0 | D:1      | Hailrake the Minotaur Berserker began the quest for the Orb.
     0 | D:1      | Reached XP level 1. HP: 19/19 MP: 0/0
   251 | D:1      | Reached XP level 2. HP: 27/27 MP: 1/1
   529 | D:1      | Reached skill level 4 in Maces & Flails
   539 | D:1      | Reached ** piety under Trog
   539 | D:1      | Reached XP level 3. HP: 16/33 MP: 2/2
  1012 | D:2      | Reached XP level 4. HP: 41/41 MP: 3/3
  1881 | D:3      | Noticed an ogre
  1884 | D:3      | Killed an ogre
  1884 | D:3      | Reached skill level 5 in Maces & Flails
  1884 | D:3      | Reached XP level 5. HP: 47/47 MP: 4/4
  1930 | D:3      | Reached *** piety under Trog
  2014 | D:3      | Reached skill level 5 in Fighting
  2223 | D:3      | Found a glowing drain.
  2226 | D:3      | Reached XP level 6. HP: 50/56 MP: 5/5
  2235 | Sewer    | Entered a sewer
  2323 | Sewer    | Reached skill level 6 in Maces & Flails
  3037 | D:4      | Reached **** piety under Trog
  3135 | D:4      | Reached skill level 5 in Armour
  3306 | D:4      | Reached XP level 7. HP: 50/61 MP: 6/6
  3649 | D:5      | Entered Level 5 of the Dungeon
  3652 | D:5      | Reached skill level 7 in Maces & Flails
  4185 | D:5      | Reached skill level 8 in Maces & Flails
  4285 | D:5      | You fall through a shaft for 3 floors!
  4322 | D:8      | Reached XP level 8. HP: 70/70 MP: 7/7
  4860 | D:7      | Found a staircase to the Ecumenical Temple.
  4917 | D:6      | Noticed Edmund
  4931 | D:6      | Killed Edmund
  4931 | D:6      | Reached skill level 9 in Maces & Flails
  5356 | D:6      | You fall through a shaft!
  5385 | D:7      | Noticed a two-headed ogre
  5390 | D:7      | Killed a two-headed ogre
  5390 | D:7      | Reached skill level 10 in Maces & Flails
  5390 | D:7      | Reached XP level 9. HP: 79/79 MP: 8/8
  5647 | D:7      | Reached skill level 11 in Maces & Flails
  5652 | D:7      | Found a shadowy altar of Dithmenos.
  6295 | D:8      | Reached ***** piety under Trog
  6303 | D:8      | Found a hide-covered altar of Uskayaw.
  6718 | D:9      | Noticed a two-headed ogre
  6728 | D:9      | Killed a two-headed ogre
  6728 | D:9      | Reached skill level 12 in Maces & Flails
  6728 | D:9      | Reached XP level 10. HP: 67/90 MP: 9/9
  6950 | D:9      | Noticed a yaktaur captain
  6964 | D:9      | Killed a yaktaur captain
  6964 | D:9      | Reached skill level 13 in Maces & Flails
  6964 | D:9      | Reached skill level 10 in Armour
  7135 | D:9      | Noticed a cyclops
  7142 | D:9      | Killed a cyclops
  7279 | D:9      | Noticed a guardian serpent
  7571 | D:9      | Found Bagup's Evil Emporium.
  7577 | D:9      | Found an ancient bone altar of Kikubaaqudgha.
  7582 | D:9      | Reached skill level 10 in Fighting
  7674 | D:9      | Noticed a cyclops
  7686 | D:9      | Killed a cyclops
  8114 | D:9      | Killed an unseen horror
  8114 | D:9      | Reached XP level 11. HP: 66/101 MP: 10/10
  8492 | D:10     | Entered Level 10 of the Dungeon
  8567 | D:10     | Reached skill level 14 in Maces & Flails
  8837 | D:10     | Found a burning altar of Makhleb.
  9054 | D:10     | Found a staircase to the Lair.
  9326 | D:11     | Noticed a two-headed ogre
  9331 | D:11     | Killed a two-headed ogre
  9558 | D:11     | Noticed a green ugly thing
  9572 | D:11     | Killed a green ugly thing
  9704 | D:11     | Noticed Sonja
  9712 | D:11     | Killed Sonja
 10010 | D:11     | Noticed Fannar
 10017 | D:11     | Killed Fannar
 10062 | D:11     | Noticed a centaur warrior
 10068 | D:11     | Killed a centaur warrior
 10441 | D:12     | Found a viscous altar of Jiyva.
 10496 | D:12     | Reached skill level 15 in Maces & Flails
 10606 | D:12     | Reached XP level 12. HP: 92/113 MP: 11/11
 10716 | D:12     | Noticed a two-headed ogre
 10795 | D:12     | Received a gift from Trog
 10824 | D:12     | Killed a two-headed ogre
 10854 | D:12     | Noticed Gastronok
 11196 | D:12     | Noticed a two-headed ogre
 11202 | D:12     | Killed a two-headed ogre
 11355 | D:12     | Found a staircase to the Orcish Mines.
 11373 | Orc:1    | Entered Level 1 of the Orcish Mines
 11568 | Orc:1    | Found Coar's Antique Weapon Shoppe.
 11582 | Orc:1    | Found a roughly hewn altar of Beogh.
 12283 | Orc:1    | Noticed an ettin
 12291 | Orc:1    | Killed an ettin
 12380 | Orc:2    | Entered Level 2 of the Orcish Mines
 12380 | Orc:2    | Found Jaegang's Distillery.
 12386 | Orc:2    | Received a gift from Trog
 12387 | Orc:2    | Noticed Maurice
 12402 | Orc:2    | Killed Maurice
 12437 | Orc:2    | Bought a potion of haste for 170 gold pieces
 12437 | Orc:2    | Bought a potion of heal wounds for 85 gold pieces
 12437 | Orc:2    | Bought a potion of heal wounds for 85 gold pieces
 12535 | Orc:2    | Found a staircase to the Elven Halls.
 12766 | Orc:2    | Found Fuprur's General Store.
 12773 | Orc:2    | Found Ogeorievepp's Food Boutique.
 12830 | Orc:2    | Reached skill level 16 in Maces & Flails
 12929 | Orc:2    | Bought a scroll of teleportation for 36 gold pieces
 12929 | Orc:2    | Bought a scroll of identify for 24 gold pieces
 12931 | Orc:2    | Bought 4 fruits for 66 gold pieces
 12931 | Orc:2    | Bought a royal jelly for 22 gold pieces
 12931 | Orc:2    | Bought 3 fruits for 49 gold pieces
 12931 | Orc:2    | Bought a bread ration for 55 gold pieces
 12931 | Orc:2    | Bought a royal jelly for 22 gold pieces
 12931 | Orc:2    | Bought a bread ration for 55 gold pieces
 12931 | Orc:2    | Bought a royal jelly for 22 gold pieces
 12931 | Orc:2    | Bought a royal jelly for 22 gold pieces
 13011 | Orc:2    | Noticed an orc high priest
 13016 | Orc:2    | Killed an orc high priest
 13022 | Orc:2    | Noticed an orc high priest
 13025 | Orc:2    | Received a gift from Trog
 13034 | Orc:2    | Killed an orc high priest
 13304 | Orc:2    | Reached XP level 13. HP: 123/124 MP: 4/12
 13480 | Orc:2    | Found Beleuxet's Antique Armour Shoppe.
 13480 | Orc:2    | Found Megoaqid's Book Emporium.
 13480 | Orc:2    | Found a one-way gate leading to the halls of Pandemonium.
 14375 | D:13     | Reached skill level 15 in Fighting
 14755 | D:14     | Found a gate to the Vaults.
 14755 | D:14     | Noticed Rupert
 14755 | D:14     | Noticed Nessos
 14891 | D:13     | Reached skill level 15 in Armour
 15206 | D:13     | Banished Rupert
 15206 | D:13     | Reached skill level 17 in Maces & Flails
 15640 | D:14     | Killed Nessos
 16441 | D:14     | Received a gift from Trog
 16500 | D:14     | Noticed Azrael
 16512 | D:14     | Found a glowing golden altar of the Shining One.
 16684 | D:14     | Found Caleysm's Weapon Emporium.
 16695 | D:14     | Reached XP level 14. HP: 135/137 MP: 13/13
 16904 | D:14     | Bought a +3 whip of distortion for 301 gold pieces
 17363 | D:14     | Received a gift from Trog
 17457 | D:14     | Killed Azrael
 17964 | D:15     | Entered Level 15 of the Dungeon
 18661 | D:12     | Killed Gastronok
 19376 | D:15     | Found a staircase to the Depths.
 20630 | Depths:1 | Entered Level 1 of the Depths
 20644 | Depths:1 | Reached skill level 18 in Maces & Flails
 21019 | Depths:1 | Noticed a fire giant
 21039 | Depths:1 | Mangled by an ettin

Vault maps used:
D:1:      minmay_arrival_loop
D:2:      first_bread
D:3:      portal_sewer_entry_d
D:6:      serial_corexii_hall, corexii_hall_statues_s, corexii_hall_statues_x,
          uniq_edmund
D:7:      minmay_temple_entry_statues_pillars, nicolae_dithmenos_shadow_blocks
D:8:      overflow_temple_1_default, serial_glass, glass_columns_a,
          glass_columns_c, item_on_display_a, minmay_strange_pillars,
          feat_on_display
D:9:      minmay_sliced_demisemicircle, hangedman_little_slice_of_home,
          nicolae_evil_shop
D:10:     lair_entry_dummy, basic_altar
D:11:     uniq_sonja, uniq_fannar
D:12:     erik_orc_2, jiyva_altar_1, uniq_gastronok
D:13:     minmay_nine_imps
D:14:     david_vaults_3, tso_metal_star, serial_shops, shop, uniq_azrael
D:15:     grunt_enter_depths_hoard, bh_walls_and_bars
Orc:1:    basic_altar, serial_shops, nicolae_shop_stone
Orc:2:    pf_orc_diabolical, serial_shops, shop, uniq_maurice
Depths:1: basic_altar, grunt_hell_horde, serial_shops, kennysheep_mini_moat,
          nicolae_shop_statue_plus, shop, minmay_variable_closet,
          patterned_corridor
Sewer:    sewer_co_scattered_pipes

Skill      XL: |  1  2  3  4  5  6  7  8  9 10 11 12 13 14 |
---------------+-------------------------------------------+-----
Fighting       | 4 5 6 7 8 10 12 14 16 17 | 17.3
Maces & Flails | 4 5 6 8 10 12 13 15 16 17 18 | 18.1
Armour         | 3 4 5 6 8 9 11 12 14 15 16 | 16.8
Dodging        | |  2.7
Stealth        | |  0.1

Action                   |  1- 3 |  4- 6 |  7- 9 | 10-12 | 13-15 || total
-------------------------+-------+-------+-------+-------+-------++-------
Melee: Mace              |    55 |    83 |       |       |       ||   138
       Headbutt          |     7 |    34 |    40 |   149 |   168 ||   398
       Flail             |       |   134 |    91 |       |       ||   225
       Dire flail        |       |       |   135 |   621 |   219 ||   975
       Demon whip        |       |       |       |       |   426 ||   426
Invok: Berserk           |     3 |     2 |     7 |    15 |    12 ||    39
       Brothers in Arms  |       |       |     1 |    10 |    11 ||    22
       Trog's Hand       |       |       |     1 |     9 |     5 ||    15
       Burn Spellbooks   |       |       |       |     4 |     1 ||     5
  Use: Scroll            |     4 |     4 |     9 |    18 |     3 ||    38
       Potion            |       |       |       |     8 |     3 ||    11
 Stab: Distracted        |       |       |       |     1 |     2 ||     3
  Eat: Bread ration      |     1 |     2 |     2 |     6 |     2 ||    13
       Fruit             |       |       |     3 |     4 |     6 ||    13
       Royal jelly       |       |       |     1 |     6 |     9 ||    16
       Meat ration       |       |       |     1 |     2 |     2 ||     5
Armor: Animal skin       |     2 |       |       |       |       ||     2
       Scale mail        |    32 |    82 |    44 |       |       ||   158
       Chain mail        |       |       |    60 |   282 |    93 ||   435
       Plate armour      |       |       |       |       |   275 ||   275
Dodge: Dodged            |    37 |   114 |   113 |   201 |   244 ||   709
